 Dungeon Crawl Stone Soup version 0.31-a0-700-gf13585253f (webtiles) character file.

Game seed: 15642169750010452526

261 qw the Shooter (level 6, -1/39 HPs)
             Began as a Gargoyle Hunter on Sept 7, 2023.
             Was an Initiate of Okawaru.
             Slain by a wyvern (6 damage)
             ... on level 4 of the Dungeon.
             The game lasted 00:01:07 (2393 turns).

qw the Shooter (Gargoyle Hunter)                    Turns: 2393, Time: 00:01:07

Health: -1/39      AC:  9    Str: 14    XL:     6   Next: 18%
Magic:  6/6        EV: 11    Int: 10    God:    Okawaru [......]
Gold:   140        SH:  0    Dex: 15    Spells: 5/5 levels left

rFire   + . .        Y - +1 shortbow
rCold   + . .        (shield currently unavailable)
rNeg    + . .        c - +0 leather armour
rPois   inf          f - +1 helmet
rElec   +            d - scarf {rC+ rF+}
rCorr   .            (no gloves)
SInv    .            (no boots)
Will    .....        (no amulet)
Stlth   ++           (no ring)
HPRegen 0.26/turn    (no ring)
MPRegen 0.10/turn

%: no passive effects
@: no status effects
A: sickness immunity, AC +4, negative energy resistance 1, electricity
resistance, torment resistance 1, petrification resistance
a: Renounce Religion


You were on level 4 of the Dungeon.
You worshipped Okawaru.
Okawaru was noncommittal.
You visited 2 branches of the dungeon, and saw 5 of its levels.
You also visited: Sewer.

You collected 140 gold pieces.


Innate Abilities, Weirdness & Mutations

You are immune to sickness and miasma.
Your stone body is resilient. (AC +4)
You are immune to poison.
You resist negative energy. (rN+)
You are resistant to electric shocks. (rElec)
You are resistant to unholy torment.
You are immune to petrification.


   Skills:
 - Level 4.4 Fighting
 - Level 6.2 Ranged Weapons
 + Level 0.2 Armour
 - Level 1.5 Dodging
 - Level 1.1 Stealth


You had 5 spell levels left.
You didn't know any spells.
Your spell library was empty.

Inventory:

Hand Weapons
 Y - a +1 shortbow (weapon)
Armour
 c - a +0 leather armour (worn)
 d - a scarf of resistance (worn)
 f - a +1 helmet (worn)
Scrolls
 l - a scroll of identify
Potions
 b - a potion of berserk rage {unknown}
 e - a potion of haste
 g - a potion of magic {unknown}
 h - a potion of attraction {unknown}
 i - a potion of might {unknown}
 j - a potion of mutation {unknown}
 k - a potion of curing

Dungeon Overview and Level Annotations

Branches:
Dungeon (4/15)             Temple (1/1) D:4           Sewer (visited)

Altars:
Ashenzari
Cheibriados
Elyvilon
Fedhas
Hepliaklqana
Makhleb
Nemelex Xobeh
Okawaru
Qazlal
Ru
Sif Muna
Uskayaw
Xom
Yredelemnul
Zin
The Shining One

Shops:
D:1 [


Message History

Press < or > to pray at altars.
2372 ||| PLANNING D:1-11 Press < or > to pray at altars.
Done exploring.
Press < or > to pray at altars.
Press < or > to pray at altars.
What level of the Dungeon? (default 4, ? - help) Press < or > to pray at altars.
There is a staircase back to the Dungeon here.
You climb upwards.
Welcome back to the Dungeon!
There is a staircase to the Ecumenical Temple here.
You now have 140 gold pieces (gained 6).
A wyvern comes into view.
Found 3 stones.
You shoot an arrow. The arrow hits the wyvern!
The wyvern is moderately wounded.
You shoot an arrow. The arrow closely misses the wyvern.
The wyvern closely misses you.
You shoot an arrow. The arrow hits the wyvern.
The wyvern is heavily wounded.
The wyvern bites you! x2
You shoot an arrow. The arrow completely misses the wyvern.
The wyvern bites you!
2389 ||| DRINKING potion of heal wounds.
You feel much better. The wyvern closely misses you.
The wyvern barely misses you.
You shoot an arrow.
The arrow hits the wyvern but does no damage.
The wyvern is heavily wounded.
The wyvern closely misses you.
You shoot an arrow.
The arrow hits the wyvern but does no damage.
The wyvern is heavily wounded.
The wyvern bites you!
The wyvern bites you but does no damage.
You shoot an arrow. The arrow hits the wyvern!
The wyvern is almost dead.
The wyvern bites you! The wyvern bites you.
You shoot an arrow. The arrow barely misses the wyvern.
The wyvern bites you.
You die...

###........#...
#............
##.......####
#.........####
#>.#.....)...#
##.##:.......#
.. ##.}.>.}.#
## ##.......#
#.@..}...#
#l##..#### #.
##.# .. #.# ...
#.# #... #.#
#.#( .# ..#.


You could see a wyvern.

Vanquished Creatures
  A kobold brigand (Sewer)
  An orc wizard (D:3)
  7 adders
  A river rat (Sewer)
  4 worms
  3 dart slugs (D:1)
  3 orcs (D:3)
  6 bats
  8 endoplasms
  2 giant cockroaches
  6 goblins
  5 hobgoblins
  6 jackals
  4 quokkas
  5 ball pythons
  4 frilled lizards
  6 kobolds
  7 rats
79 creatures vanquished.

Notes
Turn   | Place    | Note
-------+----------+-------------------------------------------
     0 | D:1      | qw the Gargoyle Hunter began the quest for the Orb.
     0 | D:1      | Reached XP level 1. HP: 12/12 MP: 1/1
     0 | D:1      | 0 ||| qw: Version: 0.3-a-76-g4403597
     0 | D:1      | 0 ||| qw: Game counter: 490
     0 | D:1      | 0 ||| qw: Melee chars always use a shield: true
     0 | D:1      | 0 ||| qw: God list: Okawaru
     0 | D:1      | 0 ||| qw: Allow faded altars: false
     0 | D:1      | 0 ||| qw: Do Orc after clearing Dungeon:15 true
     0 | D:1      | 0 ||| qw: Do second Lair branch before Depths: true
     0 | D:1      | 0 ||| qw: Lair rune preference: random
     0 | D:1      | 0 ||| qw: Goals: Normal
     0 | D:1      | 0 ||| PLANNING D:1-11
     7 | D:1      | Found Soizil's Antique Armour Shop.
    17 | D:1      | 17 ||| SHOPLISTING ancient helmet (266 gold, have 0).
    17 | D:1      | 17 ||| SHOPLISTING glowing hat (196 gold, have 0).
    17 | D:1      | 17 ||| SHOPLISTING ring mail (112 gold, have 0).
    77 | D:1      | Reached XP level 2. HP: 17/17 MP: 2/2
   197 | D:1      | Reached XP level 3. HP: 21/21 MP: 3/3
   236 | D:1      | Reached skill level 5 in Ranged Weapons
   630 | D:1      | 630 ||| READING scroll labelled FOLYRASS BANUF.
   631 | D:1      | 631 ||| READING scroll labelled NIGUFOR KOXYUM.
   632 | D:1      | 632 ||| READING scroll labelled LIHENT GEENI.
   633 | D:1      | 633 ||| READING scroll labelled HOERYMA ROSE.
   634 | D:1      | 634 ||| READING scroll labelled GAMYCI ARPHO.
   635 | D:1      | 635 ||| DRINKING 2 clear potions.
   671 | D:1      | 671 ||| DROPPING scroll of butterflies.
   672 | D:1      | 672 ||| DROPPING potion of lignification.
   707 | D:2      | Reached skill level 3 in Fighting
   720 | D:2      | Found a faded altar of an unknown god.
   814 | D:2      | Found a burning altar of Makhleb.
   840 | D:2      | Reached XP level 4. HP: 28/28 MP: 4/4
  1245 | D:2      | 1245 ||| UPGRADING to scarf of resistance.
  1276 | D:3      | 1276 ||| PLANNING SEWER
  1368 | D:3      | Found a glowing drain.
  1369 | D:3      | 1369 ||| DRINKING 2 murky silvery potions.
  1374 | Sewer    | Entered a sewer
  1467 | Sewer    | Reached XP level 5. HP: 32/32 MP: 5/5
  1474 | Sewer    | 1474 ||| Stepping ~*~*~tactically~*~*~ (water).
  1496 | Sewer    | Reached skill level 6 in Ranged Weapons
  1554 | Sewer    | 1554 ||| Stepping ~*~*~tactically~*~*~ (water).
  1630 | Sewer    | Noticed a kobold brigand
  1654 | Sewer    | Killed a kobold brigand
  1718 | Sewer    | 1718 ||| READING 3 scrolls labelled ZONUNW BIYM.
  1719 | Sewer    | 1719 ||| DRINKING 2 dark potions.
  1720 | Sewer    | 1720 ||| DROPPING 2 scrolls of blinking.
  1749 | D:3      | 1749 ||| PLANNING D:1-11
  1850 | D:3      | Reached XP level 6. HP: 39/39 MP: 6/6
  2284 | D:3      | 2284 ||| UPGRADING to +0 helmet.
  2289 | D:3      | 2289 ||| READING scroll of enchant armour.
  2289 | D:3      | 2289 ||| ENCHANTING +0 helmet.
  2290 | D:3      | 2290 ||| DRINKING 2 brown potions.
  2349 | D:4      | Found a staircase to the Ecumenical Temple.
  2350 | D:4      | 2350 ||| PLANNING TEMPLE
  2363 | Temple   | Entered the Ecumenical Temple
  2364 | Temple   | 2364 ||| PLANNING OKAWARU WORSHIP
  2371 | Temple   | Became a worshipper of Warmaster Okawaru
  2372 | Temple   | 2372 ||| PLANNING D:1-11
  2384 | D:4      | Noticed a wyvern
  2388 | D:4      | HP: 7/39 [wyvern (9)]
  2389 | D:4      | 2389 ||| DRINKING potion of heal wounds.
  2393 | D:4      | Slain by a wyvern

Levels and vault maps discovered:
D:1:      spicycebolla_arrival_clurvy, layout_loops_ring, serial_shops, shop,
          dk_noncrumbling_4, minmay_misc_feat_nine_boxes, minmay_close_crescents
D:2:      layout_basic, ebering_ecumenical_altar_rust, basic_altar,
          kennysheep_boxes
D:3:      layout_loops_ring, portal_sewer_entry_e
D:4:      kb_forest_paths, layout_rooms, temple_fountains,
          hangedman_decor_opposing
Temple:   lightli_temple_of_artemis

Skill      XL: |  1  2  3  4  5 |
---------------+----------------+-----
Ranged Weapons | 5 6 |  6.2
Fighting       | 3 4 |  4.4
Armour         | |  0.2
Dodging        | |  1.5
Stealth        | |  1.1

Action                     |  1- 3 |  4- 6 || total
---------------------------+-------+-------++-------
   Fire: Shortbow          |   103 |   170 ||   273
    Use: Scroll            |     5 |     2 ||     7
         Potion            |     1 |     4 ||     5
 Armour: Leather armour    |    17 |    43 ||    60
  Dodge: Dodged            |    23 |    25 ||    48

Table legend:
 A = Non-vault XP
 B = Vault XP
 C = Vault XP percentage of total XP
 D = Non-vault monster count
 E = Vault monster count
 F = Vault count percentage of total count
                 A         B        C        D         E       F
            +---------+---------+-------+---------+---------+-------
      Total |     156 |     217 |  58.2 |      58 |      21 |  26.6
            +---------+---------+-------+---------+---------+-------
        D:1 |      59 |       6 |   9.2 |      33 |       3 |   8.3
        D:2 |      37 |       0 |   0.0 |      12 |       0 |   0.0
        D:3 |      52 |       0 |   0.0 |       9 |       0 |   0.0
        D:4 |       8 |       0 |   0.0 |       4 |       0 |   0.0
      Sewer |       0 |     211 | 100.0 |       0 |      18 | 100.0
            +---------+---------+-------+---------+---------+-------
